 Dungeon Crawl Stone Soup version 0.31-a0-193-gdfe2569204 (webtiles) character file.

Game seed: 11117570718467547098

45 qw the Shooter (level 3, 0/20 HPs)
             Began as a Deep Elf Hunter on June 24, 2023.
             Slain by a goblin
             ... wielding a +0 dagger
             ... led by Robin
              (2 damage)
             ... on level 2 of the Dungeon.
             The game lasted 00:00:23 (879 turns).

qw the Shooter (Deep Elf Hunter)                     Turns: 879, Time: 00:00:23

Health: 0/20       AC:  9    Str: 10    XL:     3   Next: 42%
Magic:  5/5        EV: 11    Int: 13    God:
Gold:   64         SH:  0    Dex: 21    Spells: 2/2 levels left

rFire   . . .        Y - +0 shortbow
rCold   . . .        (shield currently unavailable)
rNeg    . . .        f - +0 ring mail
rPois   .            (no helmet)
rElec   .            e - +0 cloak
rCorr   .            d - +2 pair of gloves {Dex+3}
SInv    .            (no boots)
Will    .....        (no amulet)
Stlth   +            (no ring)
HPRegen 0.23/turn    (no ring)
MPRegen 0.09/turn

%: no passive effects
@: no status effects
A: no striking features
a: no special abilities


You were on level 2 of the Dungeon.
You visited 1 branch of the dungeon, and saw 2 of its levels.

You collected 64 gold pieces.


   Skills:
 - Level 1.5 Fighting
 + Level 7.0 Ranged Weapons
 - Level 2.4 Dodging
 - Level 1.2 Stealth


You had 2 spell levels left.
You didn't know any spells.
Your spell library was empty.

Inventory:

Hand Weapons
 Y - a +0 shortbow (weapon)
Armour
 a - a scarf of shadows
 d - a +2 pair of gloves of dexterity (worn)
 e - a +0 cloak (worn)
 f - a +0 ring mail (worn)
Potions
 b - a potion of curing {unknown}
 h - a potion of might {unknown}
 i - a potion of enlightenment {unknown}

Dungeon Overview and Level Annotations

Branches:
Dungeon (2/15)

Altars:

Annotations:
D:1 1 transporter
D:2 Robin


Message History

The hobgoblin closely misses you. The goblin barely misses you.
The hobgoblin hits you but does no damage.
You shoot an arrow. The arrow closely misses the hobgoblin.
The arrow hits the goblin!
You kill the goblin!
The goblin barely misses you.
The hobgoblin hits you but does no damage. x2
Your Ranged Weapons skill increases to level 7!
You shoot an arrow. The arrow hits the hobgoblin.
You kill the hobgoblin!
The goblin hits you but does no damage. Robin throws the goblin at you!
The goblin hits you but does no damage.
The hobgoblin hits you but does no damage.
A hobgoblin comes into view.
You shoot an arrow. The arrow barely misses the goblin.
The hobgoblin shouts!
The goblin closely misses you. The goblin hits you but does no damage.
The hobgoblin barely misses you. The goblin hits you with a +0 dagger.
Robin roars a battlecry!
The goblins go into a battle-frenzy!
The goblin hits you but does no damage. The hobgoblin hits you.
The goblin hits you with a +0 club.
You shoot an arrow. The arrow hits the goblin.
The goblin is severely wounded.
The goblin hits you but does no damage. x2
The goblin hits you with a +0 dagger. The hobgoblin hits you.
You shoot an arrow. The arrow barely misses the goblin.
The goblin barely misses you.
The goblin hits you but does no damage. x2
The hobgoblin misses you. Robin closely misses you.
You shoot an arrow.
The arrow hits the goblin but does no damage.
The goblin is severely wounded.
The goblin closely misses you. The goblin hits you with a +0 club.
The goblin hits you but does no damage.
The hobgoblin hits you but does no damage.
Robin throws the goblin at you!
You shoot an arrow. The arrow hits the goblin!
You kill the goblin!
The goblin hits you but does no damage. The goblin hits you with a +0 dagger.
You die...

..)....##........#
...........#######
......<....#
#.#........#
#.#........#
#.#........#
...........#
......g)...#
......g@...#
......gg...#
.......g####
........#
........#
....%.%..
#.....### ......


You could see Robin, 2 hobgoblins and 2 goblins.

Vanquished Creatures
  2 dart slugs
  2 ball pythons
  2 bats (D:1)
  An endoplasm (D:1)
  2 giant cockroaches (D:1)
  8 goblins
  7 hobgoblins
  4 kobolds (D:1)
  A quokka (D:1)
  2 frilled lizards (D:1)
  5 rats
36 creatures vanquished.

Notes
Turn   | Place    | Note
-------+----------+-------------------------------------------
     0 | D:1      | qw the Deep Elf Hunter began the quest for the Orb.
     0 | D:1      | Reached XP level 1. HP: 12/12 MP: 3/3
     0 | D:1      | 0 ||| qw: Version: 0.3-a-9-g12657ce
     0 | D:1      | 0 ||| qw: Game counter: 4724
     0 | D:1      | 0 ||| qw: Always use a shield: true
     0 | D:1      | 0 ||| qw: God list: Okawaru
     0 | D:1      | 0 ||| qw: Allow faded altars: false
     0 | D:1      | 0 ||| qw: Do Orc after D:15 true
     0 | D:1      | 0 ||| qw: Do second Lair branch before Depths: true
     0 | D:1      | 0 ||| qw: Lair rune preference: random
     0 | D:1      | 0 ||| qw: Plans: Normal
     0 | D:1      | 0 ||| PLANNING D:1-11
   117 | D:1      | Reached XP level 2. HP: 16/16 MP: 4/4
   122 | D:1      | Reached skill level 6 in Ranged Weapons
   534 | D:1      | Found a faded altar of an unknown god.
   577 | D:1      | Reached XP level 3. HP: 20/20 MP: 5/5
   772 | D:1      | 772 ||| UPGRADING to +2 pair of gloves of dexterity.
   777 | D:1      | 777 ||| UPGRADING to +0 cloak.
   782 | D:1      | 782 ||| UPGRADING to +0 ring mail.
   792 | D:1      | 792 ||| DROPPING +0 leather armour.
   793 | D:1      | 793 ||| DROPPING ring of flight.
   794 | D:1      | 794 ||| READING scroll labelled COUCOZ VIT QOB.
   795 | D:1      | 795 ||| DROPPING scroll of butterflies.
   868 | D:2      | Noticed Robin
   874 | D:2      | Reached skill level 7 in Ranged Weapons
   876 | D:2      | HP: 4/20 [hobgoblin[Robin] (5)]
   879 | D:2      | Slain by a goblin

Levels and vault maps discovered:
D:1:      spicycebolla_arrival_risky_transporter, layout_basic,
          hellmonk_ecumenical_altar_run_dry
D:2:      layout_rooms, uniq_robin

Skill      XL: |  1  2  3 |
---------------+----------+-----
Ranged Weapons | 6 7 |  7.0
Fighting       | |  1.5
Dodging        | |  2.4
Stealth        | |  1.2

Action                     || total
---------------------------++-------
   Fire: Shortbow          ||    78
    Use: Scroll            ||     1
 Armour: Ring mail         ||    18
  Dodge: Dodged            ||    19

Table legend:
 A = Non-vault XP
 B = Vault XP
 C = Vault XP percentage of total XP
 D = Non-vault monster count
 E = Vault monster count
 F = Vault count percentage of total count
                 A         B        C        D         E       F
            +---------+---------+-------+---------+---------+-------
      Total |      56 |      11 |  16.4 |      30 |       6 |  16.7
            +---------+---------+-------+---------+---------+-------
        D:1 |      47 |       0 |   0.0 |      26 |       0 |   0.0
        D:2 |       9 |      11 |  55.0 |       4 |       6 |  60.0
            +---------+---------+-------+---------+---------+-------
